 Dungeon Crawl Stone Soup version 0.29-a0-834-g1e95ca9f62 (webtiles) character file.

Game seed: 5144364663428681354

1421 jlumianski the Chopper (level 8, -9/61 HPs)
             Began as a Demonspawn Fighter on July 13, 2022.
             Was a Believer of Okawaru.
             Killed from afar by Maggie (27 damage)
             ... with a bolt of fire
             ... on level 6 of the Dungeon.
             The game lasted 00:18:57 (6311 turns).

jlumianski the Chopper (Demonspawn Fighter)         Turns: 6311, Time: 00:18:58

Health: -9/61      AC: 10    Str: 20    XL:     8   Next: 44%
Magic:  8/8        EV: 10    Int:  9    God:    Okawaru [**....]
Gold:   315        SH:  5    Dex: 12    Spells: 7/7 levels left

rFire   . . .      SeeInvis .   z - +1 war axe (freeze)
rCold   . . .      Faith    .   c - +0 buckler
rNeg    . . .      Spirit   .   b - +0 scale mail
rPois   .          Reflect  .   (helmet restricted)
rElec   .          Harm     .   n - scarf {repulsion}
rCorr   .          Rampage  .   (no gloves)
Will    .....                   (no boots)
Stlth   ..........              (no amulet)
HPRegen 0.20/turn               (no ring)
MPRegen 0.22/turn               (no ring)

@: mesmerised, repel missiles
A: horns 1, slimy green scales 2, spiny 1, magic regeneration
a: Renounce Religion, Heroism


You were on level 6 of the Dungeon.
You worshipped Okawaru.
Okawaru was pleased with you.
You visited 2 branches of the dungeon, and saw 7 of its levels.

You collected 315 gold pieces.

Inventory:

Hand Weapons
 a - a +0 war axe
 s - a +0 dagger of flaming
 z - a +1 war axe of freezing (weapon)
 E - a +0 dagger
Missiles
 e - 30 stones
 u - 21 poisoned darts (quivered)
 H - a boomerang
Armour
 b - a +0 scale mail (worn)
 c - a +0 buckler (worn)
 n - a scarf of repulsion (worn)
 r - a +0 hat
 y - a +0 pair of boots
Jewellery
 k - a ring of ice
 A - a ring of ice
 B - a ring of protection from fire
Wands
 C - a wand of digging (1)
Scrolls
 h - a scroll of poison
 j - 4 scrolls of teleportation
 D - a scroll of blinking
 G - a scroll of torment {unknown}
Potions
 d - 4 potions of might
 f - a potion of lignification
 g - 3 potions of flight
 i - a potion of berserk rage
 l - a potion of cancellation
 m - 2 potions of attraction
 o - 3 potions of mutation
 p - 2 potions of curing
 q - a potion of invisibility
 t - a potion of ambrosia {unknown}
 v - a potion of haste
 w - a potion of heal wounds
 x - a potion of resistance
 F - a potion of brilliance {unknown}


   Skills:
 + Level 4.7 Fighting
 + Level 6.1 Axes
 + Level 1.0 Throwing
 + Level 5.8 Armour
 + Level 2.1 Dodging
 + Level 0.5 Stealth
 + Level 3.8 Shields
 * Level 1.3 Invocations


You had 7 spell levels left.
You didn't know any spells.
Your spell library contained the following spells:

 Spells                   Type           Power      Damage    Failure   Level
 Magic Dart               Conj           0%         1d3       80%         1
 Sublimation of Blood     Necr           0%         N/A       91%         2
 Wereblood                Tmut           0%         N/A       91%         2
 Dazzling Flash           Conj/Hex       0%         N/A       99%         3
 Mephitic Cloud           Conj/Pois/Air  0%         N/A       99%         3
 Agony                    Necr           0%         N/A       100%        5
 Iskenderun's Battlesphe  Conj           0%         2d6       100%        5
 Silence                  Hex/Air        0%         N/A       100%        5
 Iron Shot                Conj/Erth      0%         9d1       100%        6
 Call Imp                 Summ           Unusable   N/A       N/A         2
 Spellforged Servitor     Conj/Summ      Unusable   N/A       N/A         7
 Summon Hydra             Summ           Unusable   N/A       N/A         7

Dungeon Overview and Level Annotations

Branches:
Dungeon (6/15)             Temple (1/1) D:4

Altars:
Ashenzari
Dithmenos
Kikubaaqudgha
Makhleb
Nemelex Xobeh
Okawaru
Qazlal
Ru
Sif Muna
Trog
Vehumet
Xom
Yredelemnul

Shops:
D:1 [:[

Annotations:
D:4 3 runed translucent doors, Bediveer's ghost, amateur OpWn
D:6 Maggie


Innate Abilities, Weirdness & Mutations

You have a pair of small horns on your head.
You are mostly covered in slimy green scales. (AC +3)
You are partially covered in sharp spines.
You regenerate magic rapidly.


Message History

The bolt of fire is repelled.
The orc barely misses you.
You hit the orc. You freeze the orc. You headbutt the orc.
The orc is severely wounded.
The orc hits you but does no damage.
You barely miss the orc. You headbutt the orc.
You kill the orc!
Okawaru accepts your kill.
Maggie casts a spell.
Maggie attempts to bespell you!
You are mesmerised by Maggie!
Things that are here:
a +0 trident; a +0 leather armour Maggie drinks a potion.
Maggie flickers and vanishes!
Deactivating autopickup; reactivate with Ctrl-A.
You hear a zap.
A puff of flame appears from out of thin air!
The puff of flame is repelled.
You miss something. Your headbutt misses something. Something hits you!
Something burns you.
You miss something. Something hits you! Something burns you!
You hear some strange, mumbled words.
A bolt of fire appears from out of thin air!
The bolt of fire hits you!
* * * LOW HITPOINT WARNING * * *
You feel much better.
You hear a zap.
A puff of flame appears from out of thin air!
The puff of flame misses you.
Okay, then.
Okay, then.
Okay, then.
You barely miss something. Something hits you but does no damage.
You hit something. You freeze something. You headbutt something!
Something hits you! Something burns you.
* * * LOW HITPOINT WARNING * * *
You closely miss something. You headbutt something.
You hear some strange, mumbled words.
A bolt of fire appears from out of thin air!
The bolt of fire hits you!!
You die...

. ..
...#+#########
.............#
.....$.(.....#
.......@.<...##.#
###.##{.........#
#.....######
#...).#
#........#
#........#
#...........
#.....######
......#


There were no monsters in sight!

Vanquished Creatures
  Duvessa (D:5)
  An ice beast (D:4)
  2 ogres (D:5)
  2 phantoms (D:5)
  Blork the orc (D:5)
  A kobold brigand (D:5)
  A bullfrog (D:5)
  A necrophage (D:4)
  2 scorpions
  A gnoll sergeant (D:5)
  Dowan (D:5)
  A hound (D:5)
  3 orc priests (D:5)
  3 orc wizards
  7 gnolls
  3 adders
  3 ufetubi
  A worm (D:2)
  3 dart slugs
  20 orcs
  6 bats
  8 endoplasms
  8 goblins
  8 hobgoblins
  3 jackals (D:3)
  5 quokkas
  5 ball pythons
  4 frilled lizards
  10 kobolds
  4 rats
119 creatures vanquished.

Vanquished Creatures (others)
  6 plants
6 creatures vanquished.

Grand Total: 125 creatures vanquished

Notes
Turn   | Place    | Note
-------+----------+-------------------------------------------
     0 | D:1      | jlumianski the Demonspawn Fighter began the quest for the
                  | Orb.
     0 | D:1      | Reached XP level 1. HP: 18/18 MP: 1/1
   299 | D:1      | Gained mutation: You are partially covered in slimy green
                  | scales. (AC +2) [demonic ancestry]
   299 | D:1      | Reached XP level 2. HP: 24/24 MP: 2/2
   301 | D:1      | Found a faded altar of an unknown god.
   369 | D:1      | Found Cackici's Armour Emporium.
   446 | D:1      | Found Zawo's Book Boutique.
   455 | D:1      | Reached skill level 2 in Axes
   507 | D:1      | Found Cykhlam's Antique Armour Shoppe.
   962 | D:2      | Gained mutation: You are partially covered in sharp spines.
                  | [demonic ancestry]
   962 | D:2      | Reached XP level 3. HP: 24/29 MP: 3/3
  2057 | D:3      | Reached skill level 3 in Axes
  2057 | D:3      | Reached XP level 4. HP: 21/35 MP: 4/4
  3012 | D:4      | Noticed a necrophage
  3168 | D:4      | Gained mutation: You regenerate magic rapidly. [demonic
                  | ancestry]
  3168 | D:4      | Reached XP level 5. HP: 41/41 MP: 5/5
  3205 | D:4      | Found a runed translucent gate.
  3205 | D:4      | Found a runed translucent gate.
  3205 | D:4      | Found a runed translucent gate.
  3205 | D:4      | Noticed Bediveer's ghost (amateur OpWn)
  3948 | D:4      | Gained mutation: You have a pair of small horns on your
                  | head. [demonic ancestry]
  3948 | D:4      | Reached XP level 6. HP: 17/47 MP: 6/6
  4270 | D:4      | Identified the +1 short sword "Ecuzaqiq" {venom, rPois rC+}
  4347 | D:4      | Found a staircase to the Ecumenical Temple.
  4358 | Temple   | Entered the Ecumenical Temple
  4358 | Temple   | Found a transporter.
  4358 | Temple   | Found a transporter.
  4360 | Temple   | Found a transporter.
  4360 | Temple   | Found a transporter.
  4396 | Temple   | Became a worshipper of Warmaster Okawaru
  4501 | D:4      | Reached skill level 4 in Axes
  4501 | D:4      | Reached skill level 1 in Dodging
  4733 | D:5      | Entered Level 5 of the Dungeon
  4919 | D:5      | Reached * piety under Okawaru
  4970 | D:5      | Gained mutation: You are mostly covered in slimy green
                  | scales. (AC +3) [demonic ancestry]
  4970 | D:5      | Reached XP level 7. HP: 50/53 MP: 7/7
  5224 | D:4      | Reached skill level 5 in Axes
  5374 | D:5      | Reached skill level 5 in Armour
  5463 | D:5      | Reached ** piety under Okawaru
  5530 | D:5      | Reached XP level 8. HP: 51/61 MP: 8/8
  5981 | D:5      | Noticed Blork the orc
  5991 | D:5      | Killed Blork the orc
  5992 | D:5      | Reached skill level 6 in Axes
  6058 | D:5      | Noticed Duvessa
  6058 | D:5      | Noticed Dowan
  6136 | D:5      | Killed Duvessa
  6137 | D:5      | Reached skill level 1 in Invocations
  6145 | D:5      | Killed Dowan
  6146 | D:5      | Reached skill level 1 in Throwing
  6297 | D:6      | Noticed Maggie
  6311 | D:6      | Killed from afar by Maggie

Illustrated notes

Levels and vault maps discovered:
D:1:      evilmike_arrival_rings, layout_loops_ring, serial_shops,
          nicolae_shop_hallway_plus, nicolae_shop_stone,
          nicolae_shop_overgrown_old_shop, dreamdust_ecumenical_altar_grove
D:2:      layout_loops_corners
D:3:      minmay_general_purpose_star, layout_loops_ring, minmay_crystal_room
D:4:      layout_layer_cave, minmay_temple_entry_poolview, serial_forest,
          infiniplex_forest_lined_corner, infiniplex_forest_lined_room_2,
          infiniplex_forest_straight_5, infiniplex_forest_corner_2,
          infiniplex_forest_straight_2, gammafunk_ghost_nasty_kobolds,
          amcnicky_mini_corridor_feature, moated_statue, minmay_misc_feat_cross
D:5:      layout_basic, st_stairs_6, nicolae_grassy_gnolls, uniq_blork_the_orc,
          uniq_duvessa
D:6:      layout_basic, old_standard_altar, mainiacjoe_overflow_surrounded_room,
          nicolae_hepliaklqana_monster_ancestors, uniq_maggie
Temple:   hellmonk_temple_divided_pantheon

Skill      XL: |  1  2  3  4  5  6  7  8 |
---------------+-------------------------+-----
Shields        | 3 |  3.8
Axes           | 2 3 4 5 6 |  6.1
Armour         | 3 4 5 |  5.8
Dodging        | 1 2 |  2.1
Fighting       | 4 |  4.7
Invocations    | 1 |  1.3
Throwing       | 1 |  1.0
Stealth        | |  0.5

Action                   |  1- 3 |  4- 6 |  7- 9 || total
-------------------------+-------+-------+-------++-------
Melee: War axe           |    86 |   118 |    72 ||   276
       Headbutt          |       |     6 |    21 ||    27
Throw: Dart              |       |       |     6 ||     6
  Use: Scroll            |     9 |     3 |       ||    12
       Potion            |       |     3 |     1 ||     4
Armor: Scale mail        |    44 |    49 |    38 ||   131
Dodge: Dodged            |    31 |    45 |    32 ||   108
       Repelled          |       |     2 |     2 ||     4
Block: Buckler           |    23 |    28 |    14 ||    65

Table legend: (Time is in decaauts)
 A = Elapsed time spent in this place.
 B = Non-inter-level travel time spent in this place.
 C = Inter-level travel time spent in this place.
 D = Time resting spent in this place.
 E = Time spent auto-exploring this place.
 F = Levels seen in this place.
 G = Mean time per level.
                   A        B        C        D        E       F      G
               +--------+--------+--------+--------+--------+-----+--------+
         Total |   6416 |   6358 |     58 |    282 |   4143 |   7 |  916.6 |
       Dungeon |   6361 |   6303 |     58 |    282 |   4143 |   6 | 1060.2 |
        Temple |     54 |     54 |      0 |      0 |      0 |   1 |   54.0 |
               +--------+--------+--------+--------+--------+-----+--------+

Top non-repeatable levels by time:
     D:4: 1908 daAuts
     D:5: 1271 daAuts
     D:3: 1144 daAuts
     D:2: 1012 daAuts
     D:1: 981 daAuts
  Temple: 54 daAuts
     D:6: 43 daAuts
